 Dungeon Crawl Stone Soup version 0.31.0-9-g3a7656b989 (webtiles) character file.

Game seed: 5782344839191746465

3018184 snackwell the Conqueror (level 27, 199/199 HPs)
             Began as a Merfolk Fighter on Jan 23, 2024.
             Was the Champion of the Shining One.
             Escaped with the Orb
             ... and 5 runes on Jan 24, 2024!
             The game lasted 05:38:37 (76282 turns).

snackwell the Conqueror (Merfolk Fighter)          Turns: 76282, Time: 05:38:37

Health: 199/199    AC: 44    Str: 27    XL:     27
Magic:  34/34      EV: 13    Int:  5    God:    the Shining One [******]
Gold:   6035       SH: 24    Dex: 12    Spells: 26/26 levels left

rFire   + + +        a - +9 trishula (holy)
rCold   + + +        A - +2 tower shield {rC+}
rNeg    + + +        p - +9 gold dragon scales
rPois   +            (helmet restricted)
rElec   +            Z - +4 dragonskin cloak
rCorr   .            k - +0 pair of gloves of Sunlight {rElec Regen+}
SInv    .            K - +3 pair of mountain boots {steadfast, rC+}
Will    ++...        S - amulet of Kesewkeam {^Fragile rPois rF++ Regen+ Stlth+} Stlth
                     l - +5 ring of evasion
HPRegen 2.13/turn    R - ring of Zerhyini {rElec AC+4 Str+3}
MPRegen 0.24/turn

%: no passive effects
@: hasted, glowing, studying Fire Magic, very quick
A: (nimble swimmer 2), mertail, horns 1, clumsy 2, deformed body, dopey 1, frail
2, low MP 1, poison resistance, screaming 2, electricity resistance, inhibited
regeneration, teleportitis 2, weak 2, wild magic 1, no potion heal 1
0: Orb of Zot
}: 5/15 runes: barnacled, slimy, silver, abyssal, gossamer
a: Renounce Religion, Divine Shield, Cleansing Flame, Summon Divine Warrior


You escaped.
You worshipped the Shining One.
The Shining One was exalted by your worship.
You visited 12 branches of the dungeon, and saw 56 of its levels.
You visited the Abyss 1 time.
You also visited: Trove, Ossuary and Ice Cave.

You collected 13113 gold pieces.
You spent 6791 gold pieces at shops.
You donated 287 gold pieces to Zin.

Inventory:

Hand Weapons
 a - a +9 trishula of holy wrath (weapon) (the Shining One gifted it to you on level 1 of the Lair of Beasts)
 y - the +8 trident of Annoyance {heavy, +Blink SInv}
   (You took it off a deep elf annihilator on level 3 of the Elven Halls)

   SInv:      It lets you see invisible.
   +Blink:    It lets you blink.
Missiles
 c - 18 curare-tipped darts
 i - 19 javelins
 m - 6 throwing nets
 t - 49 boomerangs (quivered)
Armour
 k - the +0 pair of gloves of Sunlight (worn) {rElec Regen+}
   (You found it in a treasure trove)

   rElec:     It insulates you from electricity.
   Regen+:    It increases your rate of health regeneration.
 p - +9 gold dragon scales (worn)
   (You bought it in a shop on level 2 of the Orcish Mines)
 A - a +2 tower shield of cold resistance (worn)
   (You found it in an ice cave)
 F - a +2 pair of gloves of strength
   (You found it on level 4 of the Spider Nest)
 K - the +3 pair of mountain boots (worn) {steadfast, rC+}
   (You found it on level 1 of the Vaults)

   Steadfast: It prevents involuntary movement, except for blinking,
   teleportation, or banishment.
   rC+:       It protects you from cold.
 T - a +2 helmet of intelligence
   (You found it on level 3 of the Elven Halls)
 V - the +2 cloak of Autumn {rC++ Regen+ rCorr Int-4}
   (You acquired it on level 3 of the Vaults)

   Int-4:     It affects your intelligence (-4).
   rC++:      It greatly protects you from cold.
   Regen+:    It increases your rate of health regeneration.
   rCorr:     It protects you from acid and corrosion.
 Z - the +4 dragonskin cloak (worn)
   (You took it off Tiamat on level 1 of the Realm of Zot)

   Avatar's Aegis: It grants the wearer a chance to resist fire, cold, poison,
   electricity, acid, and negative energy.
Jewellery
 l - a +5 ring of evasion (left hand)
   (You found it on level 3 of the Crypt)
 L - a ring of willpower
   (You found it on level 1 of the Depths)
 N - the amulet "Rierys" {Reflect Str+4 SH+5}
   (You took it off a deep elf pyromancer on level 3 of the Elven Halls)

   [amulet of reflection]

   Reflect:   It reflects blocked missile attacks.
   Str+4:     It affects your strength (+4).
   SH+5:      It affects your SH (+5).
 R - the ring of Zerhyini (right hand) {rElec AC+4 Str+3}
   (You found it on level 4 of the Shoals)

   [ring of protection]

   AC+4:      It affects your AC (+4).
   Str+3:     It affects your strength (+3).
   rElec:     It insulates you from electricity.
 S - the amulet of Kesewkeam (around neck) {^Fragile rPois rF++ Regen+ Stlth+}
   (You took it off an ironbound preserver on level 4 of the Vaults)

   [amulet of regeneration]

   rF++:      It greatly protects you from fire.
   rPois:     It protects you from poison Regen+: It increases your rate of
   health regeneration.
   ^Fragile:  It will be destroyed if unequipped.
   Stlth+:    It makes you more stealthy.
 W - the ring "Iplaikhe" {Fire +Blink rElec rPois Dex+3}
   (You found it on level 5 of the Vaults)

   [ring of fire]

   Fire:      It enhances your fire magic.
   Dex+3:     It affects your dexterity (+3).
   rF+:       It protects you from fire.
   rC-:       It makes you vulnerable to cold.
   rElec:     It insulates you from electricity.
   rPois:     It protects you from poison +Blink: It lets you blink.
Wands
 g - a wand of acid (35)
   (You found it on level 3 of the Elven Halls)
 r - a wand of digging (3)
   (You found it on level 2 of the Vaults)
 v - a wand of paralysis (70)
   (You found it on level 3 of the Dungeon)
 B - a wand of roots (52)
   (You found it on level 5 of the Dungeon)
 U - a wand of mindburst (7)
   (You found it on level 3 of the Elven Halls)
Scrolls
 b - 14 scrolls of teleportation
 e - 6 scrolls of immolation
 f - 10 scrolls of fog
 h - 2 scrolls of revelation
 w - 10 scrolls of fear
 z - 5 scrolls of silence
 D - 3 scrolls of noise
 H - 2 scrolls of summoning
 I - 6 scrolls of poison
 O - 7 scrolls of blinking
Potions
 d - 5 potions of might
 j - 8 potions of lignification
 n - 7 potions of enlightenment
 o - 5 potions of magic
 q - 9 potions of curing
 s - 2 potions of cancellation
 u - 6 potions of ambrosia
 x - 6 potions of resistance
 E - 6 potions of haste
 G - 4 potions of heal wounds
 J - 3 potions of berserk rage
Miscellaneous
 C - a phial of floods
   (You found it in an ice cave)
 M - a lightning rod (4/4)
   (You bought it in a shop on level 2 of the Orcish Mines)
 P - a phantom mirror
   (You found it on level 4 of the Shoals)
 X - a condenser vane
   (You found it on level 5 of the Vaults)
 Y - a box of beasts
   (You found it on level 5 of the Vaults)


   Skills:
 O Level 27 Fighting
 - Level 14.0 Polearms
 - Level 10.0 Throwing
 + Level 22.1 Armour
 - Level 5.2 Dodging
 - Level 22.0 Shields
 - Level 23.3 Invocations
 + Level 17.9 Evocations


You had 26 spell levels left.
You didn't know any spells.
Your spell library contained the following spells:

 Spells                   Type           Power      Damage    Failure   Level
 Apportation              Tloc           0%         N/A       100%        1
 Magic Dart               Conj           0%         1d3       100%        1
 Necrotise                Necr           0%         1d4       100%        1
 Sandblast                Erth           0%         2d4       100%        1
 Shock                    Conj/Air       0%         1d3       100%        1
 Sting                    Conj/Alch      0%         1d3       100%        1
 Summon Small Mammal      Summ           0%         N/A       100%        1
 Blink                    Tloc           0%         N/A       100%        2
 Call Imp                 Summ           0%         N/A       100%        2
 Cigotuvi's Dreadful Rot  Necr/Alch/Air  0%         N/A       100%        2
 Ensorcelled Hibernation  Hex/Ice        0%         N/A       100%        2
 Jinxbite                 Hex            0%         N/A       100%        2
 Lesser Beckoning         Tloc           0%         N/A       100%        2
 Mercury Vapours          Alch/Air       0%         N/A       100%        2
 Momentum Strike          Conj/Tloc      0%         3d8       100%        2
 Scorch                   Fire           0%         2d5       100%        2
 Searing Ray              Conj           0%         2d4       100%        2
 Static Discharge         Conj/Air       0%         3-3/arc   100%        2
 Dazzling Flash           Conj/Hex       0%         N/A       100%        3
 Frozen Ramparts          Ice            0%         1d1       100%        3
 Gell's Gravitas          Tloc           0%         N/A       100%        3
 Hailstorm                Conj/Ice       0%         3d5       100%        3
 Mephitic Cloud           Conj/Alch/Air  0%         N/A       100%        3
 Passwall                 Erth           0%         N/A       100%        3
 Stone Arrow              Conj/Erth      0%         3d7       100%        3
 Summon Ice Beast         Ice/Summ       0%         N/A       100%        3
 Swiftness                Air            0%         N/A       100%        3
 Teleport Other           Tloc           0%         N/A       100%        3
 Tukima's Dance           Hex            0%         N/A       100%        3
 Airstrike                Air            0%         2d(0-16)  100%        4
 Animate Armour           Summ/Erth      0%         N/A       100%        4
 Brom's Barrelling Bould  Conj/Erth      0%         2d3       100%        4
 Cause Fear               Hex            0%         N/A       100%        4
 Dispel Undead            Necr           0%         3d6       100%        4
 Flame Wave               Conj/Fire      0%         2d4       100%        4
 Fulminant Prism          Conj/Alch      0%         3d5       100%        4
 Ignite Poison            Fire/Alch      0%         N/A       100%        4
 Leda's Liquefaction      Alch/Erth      0%         N/A       100%        4
 Manifold Assault         Tloc           0%         N/A       100%        4
 Martyr's Knell           Necr/Summ      0%         N/A       100%        4
 Passage of Golubria      Tloc           0%         N/A       100%        4
 Petrify                  Alch/Erth      0%         N/A       100%        4
 Sticky Flame             Fire/Alch      0%         2d4       100%        4
 Summon Lightning Spire   Summ/Air       0%         N/A       100%        4
 Vhi's Electric Charge    Tloc/Air       0%         N/A       100%        4
 Alistair's Intoxication  Alch           0%         N/A       100%        5
 Arcjolt                  Conj/Air       0%         1d10      100%        5
 Borgnjor's Vile Clutch   Necr/Erth      0%         N/A       100%        5
 Curse of Agony           Necr           0%         N/A       100%        5
 Fireball                 Conj/Fire      0%         3d3       100%        5
 Freezing Cloud           Conj/Ice/Air   0%         6-21      100%        5
 Irradiate                Conj/Alch      0%         3d11      100%        5
 Iskenderun's Battlesphe  Conj           0%         2d6       100%        5
 Lee's Rapid Deconstruct  Erth           0%         3d4*      100%        5
 Metabolic Englaciation   Hex/Ice        0%         N/A       100%        5
 Silence                  Hex/Air        0%         N/A       100%        5
 Summon Forest            Summ/Tloc      0%         N/A       100%        5
 Summon Mana Viper        Hex/Summ       0%         N/A       100%        5
 Yara's Violent Unravell  Hex/Alch       0%         3d3       100%        5
 Bombard                  Conj/Erth      0%         9d1       100%        6
 Conjure Ball Lightning   Conj/Air       0%         3x3d6     100%        6
 Dispersal                Tloc           0%         N/A       100%        6
 Eringya's Noxious Bog    Alch           0%         4d6       100%        6
 Plasma Beam              Fire/Air       0%         2x1d10    100%        6
 Starburst                Conj/Fire      0%         6d3       100%        6
 Haunt                    Necr/Summ      0%         N/A       100%        7
 Monstrous Menagerie      Summ           0%         N/A       100%        7
 Orb of Destruction       Conj           0%         9d5       100%        7
 Summon Hydra             Summ           0%         N/A       100%        7
 Disjunction              Tloc           0%         N/A       100%        8
 Ignition                 Fire           0%         3d3       100%        8
 Lehudib's Crystal Spear  Conj/Erth      0%         10d2      100%        8
 Chain Lightning          Conj/Air       0%         N/A       100%        9
 Death's Door             Necr           0%         N/A       100%        9
 Dragon's Call            Summ           0%         N/A       100%        9


Dungeon Overview and Level Annotations

Branches:
Dungeon (15/15)            Temple (1/1) D:5            Lair (5/5) D:11
 Shoals (4/4) Lair:3       Spider (4/4) Lair:3        Slime (5/5) Lair:5
    Orc (2/2) D:11            Elf (3/3) Orc:2        Vaults (5/5) D:14
  Crypt (3/3) Vaults:2       Tomb (0/3) Crypt:3      Depths (4/4) D:15
    Zot (5/5) Depths:4    Ossuary (visited)           IceCv (visited)

Altars:
Ashenzari
Cheibriados
Dithmenos
Elyvilon
Fedhas
Gozag
Hepliaklqana
Kikubaaqudgha
Makhleb
Nemelex Xobeh
Okawaru
Qazlal
Ru
Sif Muna
Trog
Uskayaw
Vehumet
Wu Jian
Xom
Yredelemnul
Zin
The Shining One
Jiyva
Lugonu

Shops:
D:1 *   D:7 (([!   D:13 :   Orc:2 ?=**   Elf:2 [   Elf:3 [   Shoals:4 :
Depths:4 :

Portals:
Hell: Depths:1 Depths:2 Depths:3 Depths:4
Abyss: Depths:3 Depths:4
Pandemonium: Depths:1 Depths:2
Ziggurat: Depths:1

Annotations:
D:6 1 runed translucent door, zenocrate's ghost, novice VSEn
Temple 2 transporters
Lair:1 1 runed translucent door, Wuochyse's ghost, journeyman DEHW
Spider:4 digging
Elf:2 3 runed translucent doors
Depths:1 exclusions: eye of devastation, great orb of eyes, shining eye and 1 more exclusion
Depths:2 1 exclusion


Innate Abilities, Weirdness & Mutations

((You are very nimble when in or above water. (Stealth+, EV+, Speed+++)))
Your lower body shifts to a powerful aquatic tail in water.
You have a pair of small horns on your head.
You are very clumsy. (Dex -4)
Armour fits poorly on your strangely shaped body.
You are dopey. (Int -2)
You are very frail. (-20% HP)
Your magical capacity is low. (-10% MP)
Your system is resistant to poisons. (rPois)
You frequently scream uncontrollably at your foes.
You are resistant to electric shocks. (rElec)
You do not regenerate when monsters are visible.
You are often teleported next to monsters.
You are very weak. (Str -4)
Your spells are a little harder to cast, but a little more powerful.
Potions are less effective at restoring your health.


Message History

You feel yourself slow down.
There is a stone staircase leading down here.
Unknown command.
Unknown command.
Unknown command.
Aiming: Dig
Press: ? - help, Shift-Dir - straight line, f - you Please select a direction to dig.
This square is lit by a halo and is covered in magical glow.
The rock shatters into small pieces.
There is a stone staircase leading up here.
You climb upwards.
There is a stone staircase leading down, spattered with blood here.
There is a stone staircase leading up, spattered with blood here.
You climb upwards.
There is a stone staircase leading down here.
There is a stone staircase leading up here.
You climb upwards.
There is a stone staircase leading down here.
You see here a +0 dagger.
You see here a +0 club.
You scream at the shadow demon!
A shadow demon comes into view.
You scream at the shadow demon!
The shadow demon gives a loud, deep croak!
The shadow demon gestures.
You impale the shadow demon!!
The shadow demon convulses!!!
You kill the shadow demon!
The Shining One accepts your kill.
The bat dissolves into shadows!
The bombardier beetle dissolves into shadows!
No target in view!
No target in view!
There is a stone staircase leading up here.
You climb upwards.
There is a stone staircase leading down here.
There is an escape hatch in the ceiling here.
A mysterious force pulls you upwards. The hatch slams shut behind you.
Aiming: Dig
Press: ? - help, Shift-Dir - straight line, f - you Please select a direction to dig.
This square is lit by a halo and is covered in magical glow.
The rock shatters into small pieces.
A demonspawn blood saint comes into view.
It is wielding a +0 dagger and wearing a +2 robe of willpower.
A demonspawn blood saint is nearby!
As you read the scroll of fog, it dissolves into smoke.
You feel yourself speed up.
You see here a +0 club.
There is a staircase leading out of the dungeon here.
You have escaped!

####### #.§§§...##
#§§§§§§.# ###§§§§§§§#
###.6§§§§§.§#
############8..#§§§§§§.#
#............).#######.#
#.#####...##8.[# #.# #.#
#.....##..# #.# #.#
##.@.###.## #.## #.#
#.....##..# #...
#.#####...##8..# ####
#..............#
############8..# #####


There were no monsters in sight!

Vanquished Creatures
  Tiamat (Zot:1)
  A dread lich (Zot:5)
  Khufu (Crypt:3)
  2 ancient liches (Vaults:5)
  12 orbs of fire
  2 juggernauts
  Boris (thrice) (Crypt:1 Depths:2 D:15)
  Bai Suzhen (Depths:2)
  Vv (Depths:2)
  A curse toe (Zot:3)
  4 Killer Klowns (Zot:5)
  3 caustic shrikes (Depths:2)
  A profane servitor (Crypt:3)
  A bone dragon (Crypt:3)
  11 golden dragons
  Norris (Vaults:2)
  Arachne (Spider:3)
  3 electric golems
  27 tentacled monstrosities
  A Hell Sentinel (Abyss:4)
  Rupert (D:14)
  24 Orb Guardians
  A walking crystal tome (Depths:2)
  An Ice Fiend (Zot:3)
  2 deep elf master archers (Elf:3)
  Asterion (Spider:4)
  7 titans
  5 quicksilver dragons
  2 deep elf blademasters (Elf:3)
  6 liches
  A walking frostbound tome (Depths:2)
  12 acid blobs
  3 ancient champions
  5 sphinxes
  An Executioner (Depths:1)
  13 death cobs
  Polyphemus (Shoals:2)
  The ghost of Lotaimix the Messiah, an adept HOFi of Beogh (Spider:1)
  Aizul (Shoals:1)
  6 tengu reavers
  12 fire giants
  13 shadow dragons
  17 storm dragons
  5 rockslimes
  Ilsuiw (Shoals:4)
  3 revenants
  5 protean progenitors
  6 draconian monks
  5 draconian knights
  11 azure jellies
  11 emperor scorpions
  16 frost giants
  7 draconian shifters
  11 vault wardens
  3 deep elf sorcerers
  10 draconian scorchers
  9 ghost moths
  A caustic shrike zombie (Crypt:3)
  2 broodmothers
  4 deep elf elementalists
  An orc warlord (Orc:2)
  2 cacodemons
  An angel (Abyss:4)
  4 ghouls
  3 spriggan defenders
  21 ironbound preservers
  10 draconian annihilators
  13 quicksilver oozes
  4 reapers
  4 ironbound thunderhulks
  26 very ugly things
  11 stone giants
  11 formless jellyfish
  9 green draconians
  9 vampire knights
  8 white draconians
  7 black draconians
  9 deep elf demonologists
  4 war gargoyles
  4 deep elf death magi
  14 spark wasps
  8 red draconians
  2 demonspawn black suns (Zot:1)
  9 yellow draconians
  9 deep elf annihilators
  8 purple draconians
  2 dire elephants (Vaults:1)
  11 ettins
  An eidolon (Crypt:2)
  A crystal guardian (Vaults:3)
  13 merfolk impalers
  2 mummy priests (Crypt:3)
  28 jiangshi
  Fannar (Lair:1)
  4 deep elf high priests
  5 merfolk javelineers
  An entropy weaver (shapeshifter) (Vaults:5)
  18 yaktaur captains
  8 fire dragons
  Harold (D:11)
  7 entropy weavers
  3 peacekeepers
  12 ice dragons
  12 great orbs of eyes
  34 vault guards
  2 spriggan air magi
  4 hydras
  4 rakshasas
  3 merfolk aquamancers
  A hell beast (Depths:2)
  9 ironbound frosthearts
  5 merfolk avatars
  5 anacondas (Zot:3)
  2 catoblepae
  8 ogre magi
  24 two-headed ogres
  7 boulder beetles
  2 alligator snapping turtles (Shoals:2)
  5 death knights
  Erica (Lair:1)
  24 dancing weapons
  2 radroaches
  3 tengu warriors
  A satyr (Shoals:4)
  8 deep troll shamans
  12 death yaks
  5 centaur warriors
  6 deep troll earth magi
  A titan zombie (Crypt:2)
  A death scarab (Spider:3)
  A demonic crawler (Spider:1)
  7 vampire magi
  An occultist (Depths:3)
  6 spriggan berserkers
  A soul eater (Depths:3)
  2 thrashing horrors (Abyss:4)
  A sphinx skeleton (Vaults:3)
  Nergalle (D:10)
  2 hell hogs (Depths:3)
  4 sun demons
  2 titan skeletons
  5 hell knights
  3 sixfirhies
  17 pharaoh ants
  18 deep elf knights
  A salamander mystic (Depths:4)
  6 skysharks
  2 shadow wraiths (Crypt:3)
  28 skeletal warriors
  11 iron trolls
  2 large abominations (Crypt:3)
  An iron giant zombie (Crypt:1)
  10 flayed ghosts
  A swamp dragon (Lair:5)
  12 orb spiders
  2 storm dragon skeletons
  A sun moth (shapeshifter) (Elf:1)
  14 sea snakes
  3 spriggan druids (Depths:3)
  3 sun moths
  A shadow demon (D:3)
  5 glowing orange brains
  8 arcanists
  A bog body (Crypt:1)
  9 lindwurms
  65 deep trolls
  A golden dragon skeleton (Crypt:1)
  6 necromancers
  14 phantasmal warriors
  8 steelbarb worms
  11 deep elf archers
  16 ironbound convokers
  A steelbarb worm (shapeshifter) (Vaults:5)
  29 deep elf zephyrmancers
  A harpy (Shoals:4)
  29 deep elf pyromancers
  A jorogumo zombie (Crypt:2)
  30 wolf spiders
  5 orc sorcerers
  Pikel (D:8)
  17 manticores
  A cyclops (shapeshifter) (Elf:2)
  5 cyclopes
  6 fauns
  A mana viper (shapeshifter) (Depths:3)
  3 elephants (Lair:5)
  An iron dragon zombie (Depths:2)
  A jorogumo skeleton (Crypt:2)
  3 salamanders
  2 meliai (shapeshifter) (D:15)
  38 ugly things
  11 merfolk sirens
  6 shining eyes
  3 kobold blastminers
  A formless jellyfish zombie (Crypt:1)
  27 moths of wrath
  An iron dragon skeleton (Depths:2)
  3 black mambas
  Maurice (D:8)
  6 water nymphs
  23 vault sentinels
  2 ice statues (IceCv)
  7 meliai
  7 eyes of devastation
  3 orange demons
  An elephant slug zombie (Crypt:1)
  A titan simulacrum (Depths:2)
  12 torpor snails
  12 cane toads
  A naga skeleton (Crypt:3)
  9 freezing wraiths
  An unseen horror (D:11)
  4 smoke demons
  2 efreet (D:15)
  4 rime drakes
  34 yaktaurs
  An ancient zyme (Abyss:4)
  6 tengu conjurers
  An anaconda simulacrum (IceCv)
  11 komodo dragons
  4 ice devils (IceCv)
  A white draconian skeleton (Crypt:1)
  7 guardian mummies (Crypt:3)
  A human skeleton (Vaults:3)
  A grey draconian skeleton (Crypt:2)
  Grinder (D:5)
  2 trolls
  34 merfolk
  A hellwing (Zot:1)
  3 polar bears
  4 wind drakes
  15 snapping turtles
  A tarantella (shapeshifter) (D:13)
  42 hornets
  3 tyrant leeches (Lair:5)
  25 tarantellas
  A jumping spider zombie (Crypt:2)
  2 raiju (Abyss:4)
  A sun moth zombie (Crypt:1)
  19 dream sheep
  8 glass eyes
  4 blink frogs (Lair:5)
  A stone giant simulacrum (Crypt:3)
  A boulder beetle zombie (Crypt:2)
  27 jumping spiders
  99 slime creatures
  25 culicivoras
  A black mamba zombie (Crypt:2)
  5 shadows
  3 air elementals
  24 spriggans
  72 yaks
  3 dire elephant simulacra (IceCv)
  A naga simulacrum (Crypt:2)
  5 water elementals
  7 wraiths
  A vampire (D:12)
  4 fire elementals
  3 fire bats (Abyss:4)
  5 wyverns
  A black mamba skeleton (Crypt:2)
  19 humans (D:14)
  4 basilisks
  72 redbacks
  6 vampire mosquitoes
  4 wargs
  12 golden eyes
  2 steam dragons (Lair:5)
  Grum (D:8)
  3 chaos spawn (Abyss:4)
  4 harpy simulacra (IceCv)
  A fire bat zombie (Crypt:2)
  A death yak simulacrum (IceCv)
  A naga zombie (Crypt:3)
  5 acid dragons
  A swamp worm (shapeshifter) (Depths:4)
  8 water moccasins
  3 hell hounds (Depths:4)
  3 swamp drakes (Lair:5)
  20 orc warriors
  A sky beast (D:4)
  A dream sheep zombie (Crypt:1)
  3 ice beasts
  28 laughing skulls
  27 ogres
  15 wolves
  6 centaurs
  2 lemures
  2 phantoms
  2 weeping skulls (Crypt:3)
  3 gnoll sergeants
  2 kobold brigands
  15 bullfrogs
  6 necrophages
  A human zombie (Vaults:3)
  2 earth elementals
  5 small abominations
  7 scorpions
  A warg skeleton (Crypt:1)
  10 wights (D:6)
  4 burial acolytes (Crypt:3)
  2 elephant simulacra (IceCv)
  22 killer bees
  An electric eel (Spider:4)
  7 howler monkeys
  A shapeshifter skeleton (Crypt:1)
  3 hounds
  2 bombardier beetles (D:5)
  A gnoll bouda (D:6)
  A jelly (D:7)
  10 orc priests
  4 hell rats (Lair:4)
  10 iguanas
  17 orc wizards
  A polar bear simulacrum (IceCv)
  A troll simulacrum (IceCv)
  A boggart skeleton (Crypt:1)
  8 mummies (Ossuary)
  A howler monkey skeleton (Crypt:2)
  13 gnolls
  5 adders
  A shadow imp (D:5)
  4 white imps
  2 dart slugs
  3 ribbon worms
  65 orcs
  7 endoplasms
  6 giant cockroaches
  A gnoll zombie (Ossuary)
  3 goblins
  5 hobgoblins
  13 kobolds
  4 quokkas
  10 ball pythons
  9 bats
  7 frilled lizards
  2 hobgoblin zombies (Ossuary)
  2 kobold zombies (Ossuary)
  3 orc zombies (Ossuary)
  A quokka zombie (Crypt:1)
  8 rats
  An aspiring flesh (Zot:3)
  A lurking horror (Abyss:4)
2583 creatures vanquished.

Vanquished Creatures (collateral kills)
  the Royal Jelly (Slime:5)
  An orb of fire (Zot:5)
  A pandemonium lord (Depths:1)
  Parghit (Zot:3)
  A tentacled monstrosity (Vaults:5)
  2 liches (Abyss:4)
  An acid blob (Slime:1)
  A storm dragon (Zot:5)
  2 deep elf sorcerers (Elf:3)
  A tengu reaver (Vaults:5)
  A draconian knight (Zot:5)
  An orc warlord (Vaults:3)
  A deep elf elementalist (Elf:3)
  A cacodemon (Abyss:4)
  A formless jellyfish (Slime:1)
  A stone giant (Vaults:5)
  A green draconian (Zot:5)
  A war gargoyle (Vaults:5)
  A purple draconian (Zot:5)
  An ettin (Vaults:5)
  A yaktaur captain (Vaults:5)
  A great orb of eyes (Slime:1)
  A deep elf high priest (Vaults:5)
  An ogre mage (Vaults:5)
  2 two-headed ogres (Vaults:5)
  A thrashing horror (Abyss:4)
  A sixfirhy (Abyss:4)
  An arcanist (Vaults:2)
  4 deep trolls (Vaults:3)
  An orb spider (Abyss:4)
  An ironbound convoker (Vaults:3)
  A salamander (shapeshifter) (Vaults:5)
  A vault sentinel (Vaults:5)
  2 eyes of devastation
  A smoke demon (Abyss:4)
  A freezing wraith (Vaults:5)
  5 yaktaurs (Vaults:5)
  2 raiju (Abyss:4)
  5 slime creatures
  A fire bat (Abyss:4)
  An ogre (Vaults:5)
57 creatures vanquished.

Vanquished Creatures (others)
  A red draconian (Depths:4)
  An ogre mage (Abyss:4)
  A two-headed ogre (Orc:2)
  A deep troll (Vaults:3)
  2 deep elf pyromancers
  An ironbound convoker (Vaults:3)
  An ugly thing (D:15)
  A moth of wrath (Zot:5)
  A cane toad (Lair:5)
  A merfolk (Shoals:1)
  A culicivora (Spider:1)
  A golden eye (Slime:4)
  2 fire bats (Abyss:4)
  3 chaos spawn (Abyss:4)
  An orc wizard (D:8)
  A lurking horror (Abyss:4)
20 creatures vanquished.

Grand Total: 2660 creatures vanquished

Notes
Turn   | Place    | Note
-------+----------+-------------------------------------------
     0 | D:1      | snackwell the Merfolk Fighter began the quest for the Orb.
     0 | D:1      | Reached XP level 1. HP: 18/18 MP: 1/1
    90 | D:1      | Reached XP level 2. HP: 21/24 MP: 2/2
   116 | D:1      | Found a faded altar of an unknown god.
   207 | D:1      | Found Ukitalut's General Store.
   612 | D:1      | Reached XP level 3. HP: 29/29 MP: 3/3
   764 | D:2      | Identified the +0 cloak of the Ward {Harm rElec Dex-4}
  1117 | D:2      | Reached XP level 4. HP: 36/37 MP: 4/4
  1570 | D:1      | Bought a potion of curing for 33 gold pieces
  1618 | D:3      | You fall into a shaft and drop 1 floor!
  1658 | D:4      | Reached skill level 4 in Fighting
  1665 | D:4      | Noticed a phantom
  1678 | D:4      | Killed a phantom
  1679 | D:4      | Reached skill level 5 in Polearms
  1679 | D:4      | Reached XP level 5. HP: 42/43 MP: 5/5
  1983 | D:4      | Reached XP level 6. HP: 39/49 MP: 6/6
  2860 | D:4      | Identified the +6 tower shield "Zangyel" {rC- Int+4}
  3075 | D:5      | Entered Level 5 of the Dungeon
  3078 | D:5      | Noticed a water moccasin
  3130 | D:5      | Reached skill level 5 in Fighting
  3217 | D:5      | Found a sand-covered staircase.
  3225 | D:5      | Killed a water moccasin
  3226 | D:5      | Reached XP level 7. HP: 44/56 MP: 7/7
  3293 | Ossuary  | Entered an ossuary
  3658 | D:5      | Noticed Grinder
  3684 | D:5      | Found a staircase to the Ecumenical Temple.
  3691 | D:5      | Killed Grinder
  3692 | D:5      | Reached skill level 6 in Fighting
  3692 | D:5      | Reached XP level 8. HP: 64/64 MP: 8/8
  3719 | Temple   | Found a transporter.
  3719 | Temple   | Found a transporter.
  3719 | Temple   | Found a transporter.
  3719 | Temple   | Found a transporter.
  3719 | Temple   | Entered the Ecumenical Temple
  3731 | Temple   | Became a worshipper of Zin the Law-Giver
  3731 | Temple   | Reached * piety under Zin
  3769 | D:5      | Reached skill level 1 in Invocations
  4068 | D:5      | Reached skill level 10 in Polearms
  4098 | D:5      | Reached skill level 7 in Fighting
  4372 | D:6      | Reached XP level 9. HP: 55/72 MP: 11/11
  4458 | D:5      | Identified the +0 ring mail of the Unbroken {Dex+5}
  4709 | D:6      | Reached skill level 8 in Fighting
  4961 | D:6      | Identified a scroll of acquirement
  4961 | D:6      | Acquired 421 gold pieces
  4962 | D:6      | Reached ** piety under Zin
  4962 | D:6      | Reached *** piety under Zin
  5192 | D:5      | Reached skill level 5 in Invocations
  5782 | D:6      | Acquired 881 gold pieces
  5783 | D:6      | Reached **** piety under Zin
  5783 | D:6      | Reached ***** piety under Zin
  5890 | D:1      | Bought a scroll of acquirement for 572 gold pieces
  5890 | D:1      | Bought a scroll of fear for 44 gold pieces
  5890 | D:1      | Acquired a manual of Shields
  6201 | D:6      | Reached skill level 9 in Fighting
  6408 | D:6      | Identified the +6 mace of Superiority {venom, Will+ Dex+2
                  | Stlth+}
  6499 | D:6      | Found a runed translucent door.
  6502 | D:6      | Noticed zenocrate's ghost (novice VSEn)
  6554 | D:6      | Found a radiant altar of Vehumet.
  6638 | D:7      | Reached XP level 10. HP: 80/83 MP: 14/14
  6656 | D:7      | Found Dophim's Antique Armour Shop.
  6663 | D:7      | Found Lytuyl's Distillery.
  6664 | D:7      | Bought an embroidered cloak for 180 gold pieces
  6684 | D:7      | Bought a potion of berserk rage for 75 gold pieces
  7019 | D:7      | Found Loihol's Weapon Shop.
  7283 | D:7      | Found Veintela's Weapon Shoppe.
  7414 | D:7      | Bought a pair of glowing boots for 180 gold pieces
  7414 | D:7      | Bought a pair of glowing gloves for 180 gold pieces
  7468 | D:8      | Noticed Pikel
  7687 | D:8      | Reached skill level 10 in Fighting
  7766 | D:8      | Killed Pikel
  7854 | D:8      | Noticed Grum
  7897 | D:8      | Noticed Maurice
  7908 | D:8      | Killed Grum
  7913 | D:8      | Killed Maurice
  7923 | D:8      | Noticed a two-headed ogre
  7936 | D:8      | Killed a two-headed ogre
  7937 | D:8      | Reached XP level 11. HP: 62/92 MP: 17/17
  8286 | D:9      | Reached skill level 11 in Fighting
  9104 | D:10     | Entered Level 10 of the Dungeon
  9330 | D:10     | Found a hazy altar of Hepliaklqana.
  9331 | D:10     | Found a shimmering altar of Xom.
  9430 | D:10     | Noticed Nergalle
  9446 | D:10     | Killed Nergalle
  9447 | D:10     | Reached skill level 12 in Fighting
  9447 | D:10     | Reached skill level 10 in Invocations
  9880 | D:11     | Reached ****** piety under Zin
  9885 | D:11     | Noticed a boulder beetle
  9908 | D:11     | Killed a boulder beetle
  9964 | D:11     | Noticed Harold
 10227 | D:11     | Killed Harold
 10522 | D:11     | Found a portal to a secret trove of treasure.
 10570 | D:11     | Found a staircase to the Lair.
 10629 | D:11     | Reached skill level 13 in Fighting
 10629 | D:11     | Reached XP level 12. HP: 88/105 MP: 20/20
 10840 | D:11     | Noticed a boulder beetle
 10899 | D:11     | Killed a boulder beetle
 11216 | D:11     | Found a staircase to the Orcish Mines.
 11273 | Lair:1   | Entered Level 1 of the Lair of Beasts
 11280 | Lair:1   | Noticed Fannar
 11502 | Lair:1   | Killed Fannar
 11580 | Lair:1   | Reached skill level 1 in Dodging
 11605 | Lair:1   | Found a frozen archway.
 11626 | IceCv    | Entered an ice cave
 11863 | IceCv    | Reached skill level 14 in Fighting
 12534 | IceCv    | Reached skill level 5 in Dodging
 12757 | IceCv    | Noticed a reaper
 12776 | IceCv    | Killed a reaper
 13315 | IceCv    | Reached skill level 5 in Shields
 13732 | Lair:1   | Found a runed translucent door.
 13733 | Lair:1   | Noticed Wuochyse's ghost (journeyman DEHW)
 13802 | Lair:1   | Noticed Erica
 13814 | Lair:1   | Killed Erica
 13925 | Lair:1   | Reached XP level 13. HP: 92/114 MP: 22/22
 14586 | Lair:2   | Reached skill level 1 in Evocations
 15641 | Lair:3   | Found a hole to the Spider Nest.
 16014 | Lair:3   | Found a staircase to the Shoals.
 16786 | Lair:4   | Reached skill level 10 in Shields
 16792 | Lair:4   | Reached skill level 5 in Evocations
 16801 | Lair:4   | Reached XP level 14. HP: 52/121 MP: 23/23
 17532 | Lair:4   | Identified the +1 leather armour of Aris Xua {Rampage Will+
                  | Int-3}
 17855 | Lair:5   | Entered Level 5 of the Lair of Beasts
 17974 | Lair:5   | Reached skill level 5 in Armour
 18016 | Lair:5   | Found a staircase to the Slime Pits.
 21070 | Orc:1    | Entered Level 1 of the Orcish Mines
 21088 | Orc:1    | Paralysed by an orc sorcerer for 3 turns
 21116 | Orc:1    | Reached XP level 15. HP: 121/127 MP: 24/24
 21287 | Orc:2    | Entered Level 2 of the Orcish Mines
 21341 | Orc:2    | Reached skill level 15 in Fighting
 21804 | Orc:2    | Found a staircase to the Elven Halls.
 21812 | Orc:2    | Paralysed by something for 3 turns
 22050 | Orc:2    | Noticed an orc warlord
 22133 | Orc:2    | Killed an orc warlord
 22180 | Orc:2    | Found Jaroll's Assorted Antiques.
 22180 | Orc:2    | Found Feetauruif's General Store.
 22181 | Orc:2    | Found Pefeir's Jewellery Boutique.
 22181 | Orc:2    | Found Buicvat's Magic Scroll Shoppe.
 22192 | Orc:2    | Bought +1 gold dragon scales for 1218 gold pieces
 22213 | Orc:2    | Bought an ivory ring for 165 gold pieces
 22213 | Orc:2    | Bought a jade ring for 165 gold pieces
 22793 | D:12     | Identified the +8 hand axe of the Gloaming {pain, ^Fragile
                  | rPois rF+}
 22821 | D:12     | Identified the +9 mace of Wobrennem {freeze, ^Contam Dex+5}
 23502 | D:13     | Found Orikkuwn's Tiny Tomes.
 23771 | D:13     | Reached XP level 16. HP: 108/137 MP: 25/25
 24846 | D:14     | Found a broken altar of Ashenzari.
 24891 | D:14     | Reached XP level 17. HP: 143/144 MP: 26/26
 24964 | D:14     | Noticed Rupert
 24964 | D:14     | Paralysed by Rupert for 4 turns
 24979 | D:14     | Killed Rupert
 25525 | D:14     | Reached skill level 16 in Fighting
 25620 | D:14     | Found a gate to the Vaults.
 25772 | D:15     | Entered Level 15 of the Dungeon
 25921 | D:15     | Reached skill level 10 in Evocations
 26041 | D:15     | Found a staircase to the Depths.
 26582 | D:15     | Reached skill level 10 in Armour
 26776 | D:15     | Found a white marble altar of Elyvilon.
 27266 | Shoals:1 | Entered Level 1 of the Shoals
 28276 | Shoals:1 | Identified the serpent talisman "Leoluzxa" {rCorr Int-4
                  | SInv}
 28276 | Shoals:1 | Noticed Aizul
 28289 | Shoals:1 | Killed Aizul
 29451 | Shoals:2 | Reached skill level 15 in Shields
 29451 | Shoals:2 | Reached XP level 18. HP: 153/153 MP: 27/27
 29462 | Shoals:2 | Noticed Polyphemus
 29538 | Shoals:2 | Killed Polyphemus
 30301 | Shoals:3 | Reached skill level 17 in Fighting
 30481 | Shoals:3 | Got the Parchment of the Electric Hornet
 30548 | Shoals:3 | Noticed Ilsuiw
 31390 | Shoals:4 | Entered Level 4 of the Shoals
 32036 | Shoals:4 | Found Banafuh's Book Boutique.
 32233 | Shoals:4 | Identified the ring of Zerhyini {rElec AC+4 Str+3}
 32366 | Shoals:4 | Got a barnacled rune of Zot
 32655 | Shoals:4 | Got the Handbook of Anthracomancy and the Geodesic
 33073 | Shoals:4 | Killed Ilsuiw
 33278 | Lair:1   | Upgraded the game from 0.31.0-4-g52a2dc7128 to
                  | 0.31.0-7-gf635a9b802
 33392 | Temple   | Fell from the grace of Zin
 33392 | Temple   | Became a worshipper of the Shining One
 33392 | Temple   | Reached * piety under the Shining One
 33392 | Temple   | Reached ** piety under the Shining One
 33392 | Temple   | Reached *** piety under the Shining One
 33584 | Spider:1 | Entered Level 1 of the Spider Nest
 33633 | Spider:1 | Reached **** piety under the Shining One
 33671 | Spider:1 | Found a transporter.
 33671 | Spider:1 | Noticed Lotaimix's ghost (adept HOFi)
 33673 | Spider:1 | You fall into a shaft and drop 1 floor!
 34042 | Spider:2 | Reached XP level 19. HP: 108/163 MP: 29/29
 34318 | Spider:1 | Reached ***** piety under the Shining One
 34327 | Spider:1 | Reached skill level 18 in Fighting
 34843 | Spider:1 | Found a transporter.
 34991 | Spider:1 | Identified the +3 chain mail "Cefruuh" {Fly rElec Str+4
                  | Dex-2}
 36593 | Spider:3 | Identified the +1 robe of a wizard's laboratory {rC+
                  | Will+++ Int-4 Dex+2}
 36756 | Spider:3 | Noticed Arachne
 36797 | Spider:3 | Killed Arachne
 36892 | Spider:3 | Reached ****** piety under the Shining One
 37036 | Lair:1   | Identified a +4 trishula of holy wrath (a +2 demon trident
                  | of freezing blessed by the Shining One)
 37036 | Lair:1   | Received a gift from the Shining One
 37039 | Lair:1   | Acquired 708 gold pieces
 37603 | Spider:4 | Entered Level 4 of the Spider Nest
 37667 | Spider:4 | Reached skill level 19 in Fighting
 38043 | Spider:4 | Noticed Asterion
 38064 | Spider:4 | Killed Asterion
 38211 | Spider:4 | Reached XP level 20. HP: 174/174 MP: 30/30
 39496 | Spider:4 | Got a gossamer rune of Zot
 39787 | Orc:2    | Bought a scroll of enchant weapon for 112 gold pieces
 39787 | Orc:2    | Bought a scroll of enchant armour for 112 gold pieces
 39787 | Orc:2    | Bought a scroll of enchant armour for 112 gold pieces
 39787 | Orc:2    | Bought a scroll of enchant armour for 112 gold pieces
 39787 | Orc:2    | Bought a scroll of enchant weapon for 112 gold pieces
 39787 | Orc:2    | Bought a scroll of fear for 60 gold pieces
 39811 | Elf:1    | Entered Level 1 of the Elven Halls
 41008 | Elf:2    | Reached skill level 20 in Fighting
 41426 | Elf:2    | Found Herecant's Armour Shop.
 41517 | Elf:2    | Found a runed translucent gate.
 41518 | Elf:2    | Found a runed translucent gate.
 41518 | Elf:2    | Found a runed translucent gate.
 41896 | Elf:3    | Entered Level 3 of the Elven Halls
 41990 | Elf:3    | Found an ancient bone altar of Kikubaaqudgha.
 42029 | Elf:3    | Reached XP level 21. HP: 172/184 MP: 31/31
 42152 | Elf:3    | Found Bask's Antique Armour Boutique.
 42383 | Abyss:4  | Cast into level 4 of the Abyss (a deep elf sorcerer)
 42557 | Abyss:4  | Got an abyssal rune of Zot
 42604 | Elf:3    | Escaped the Abyss
 42625 | Elf:3    | Reached skill level 21 in Fighting
 43128 | Elf:3    | Identified the +8 trident of Annoyance {heavy, +Blink SInv}
 43203 | Elf:3    | Identified the +5 falchion "Yliddil" {venom, Stlth+}
 43203 | Elf:3    | Identified the amulet "Rierys" {Reflect Str+4 SH+5}
 43442 | Elf:3    | Identified the +6 dagger of Furunuv {drain, rF+ rCorr}
 43512 | Elf:3    | Identified the staff "Asikhonaeled" {*Slow rPois rN++ Dex+3
                  | Alchemy}
 43585 | Elf:3    | Identified the staff of the Sheltering Gods {Dex+5 Conj}
 43596 | Elf:3    | Identified the +10 plate armour "Sereoreg" {*Slow Dex+5}
 43716 | Elf:3    | Identified the +3 ring mail "Beapti" {Fly rElec Dex-3}
 43811 | Elf:3    | Identified the +7 quarterstaff of Superiority {flame,
                  | *Corrode rElec rF++ Int+3}
 43830 | Elf:3    | Got Ykamasac's Advanced Incantation
 44142 | Vaults:1 | Entered Level 1 of the Vaults
 44424 | Vaults:1 | Reached skill level 15 in Armour
 45440 | Vaults:1 | Found the +3 pair of mountain boots {steadfast, rC+}
 46045 | Vaults:2 | Reached XP level 22. HP: 194/194 MP: 32/32
 46486 | Vaults:2 | Found a staircase to the Crypt.
 47048 | Vaults:2 | Noticed Norris
 47077 | Vaults:2 | Killed Norris
 47342 | Vaults:2 | Reached skill level 15 in Invocations
 47429 | Vaults:3 | Reached skill level 22 in Fighting
 48608 | Vaults:3 | Acquired the +2 cloak of Autumn {rC++ Regen+ rCorr Int-4}
 49478 | Vaults:4 | Reached XP level 23. HP: 205/205 MP: 35/35
 49517 | Vaults:4 | Identified the amulet of Kesewkeam {^Fragile rPois rF++
                  | Regen+ Stlth+}
 49663 | Vaults:4 | Noticed a golden dragon
 49673 | Vaults:4 | Killed a golden dragon
 50337 | Slime:1  | Entered Level 1 of the Pits of Slime
 50352 | Lair:5   | Reached skill level 1 in Throwing
 50611 | Slime:1  | Found a viscous altar of Jiyva.
 51151 | Crypt:1  | Entered Level 1 of the Crypt
 51207 | Crypt:1  | Reached skill level 5 in Throwing
 51558 | Crypt:1  | Noticed Boris
 51572 | Crypt:1  | Killed Boris
 52662 | Crypt:3  | Entered Level 3 of the Crypt
 52832 | Crypt:3  | Reached skill level 10 in Throwing
 52961 | Crypt:3  | Found a basalt altar of Yredelemnul.
 53026 | Crypt:3  | Reached skill level 23 in Fighting
 53395 | Crypt:3  | Reached XP level 24. HP: 214/214 MP: 35/35
 53408 | Crypt:3  | Identified the +2 sling of Res Ipsa Loquitur {antimagic,
                  | ^Contam rF- rN++ Dex+2}
 53717 | Crypt:3  | Noticed Khufu
 53734 | Crypt:3  | Killed Khufu
 53948 | Crypt:3  | Identified the +7 short sword "Imics" {flame, *Slow +Blink
                  | Will++}
 53951 | Crypt:3  | Identified the +5 arbalest "Killer Bee's Curse" {freeze,
                  | rN+ rCorr MP+9 Stlth+}
 53987 | Crypt:3  | Found a staircase to the Tomb.
 53990 | Crypt:3  | Found the +7 sceptre of Torment {pain, torment}
 54009 | Crypt:3  | Got the Collected Works on the Door and the Legion
 54024 | Crypt:3  | Identified the amulet of Ivvyfenali {rPois Regen+ Slay+2}
 54024 | Crypt:3  | Identified the ring "Xuicextogg" {rF+ rN+ Dex+3 Stlth+}
 54464 | Depths:1 | Entered Level 1 of the Depths
 54527 | Depths:1 | Found a one-way gate leading to the halls of Pandemonium.
 54757 | Depths:1 | Found Munoheol's Antique Armour Shoppe.
 55063 | Depths:1 | Found a one-way gateway to a ziggurat.
 55112 | Depths:1 | Found a gateway to Hell.
 55214 | Depths:1 | Found a stormy altar of Qazlal.
 55490 | Depths:1 | Reached skill level 24 in Fighting
 56579 | D:11     | You paid a toll of a +5 demon whip to enter a treasure
                  | trove
 56580 | Trove    | Entered a treasure trove
 56585 | Trove    | Found the +2 pair of slick slippers {slick, slippery, EV+4}
 56585 | Trove    | Found the +8 longbow "Zephyr" {speed, Dex+3 SInv}
 56589 | Trove    | Identified the +0 pair of gloves of Sunlight {rElec Regen+}
 56593 | Trove    | Identified the ring "Tijeb" {rCorr MP+9}
 56596 | Trove    | Identified the +6 broad axe of Springtime {spect, +Blink
                  | Dex-2 SInv Stlth+}
 57401 | Depths:2 | Noticed Bai Suzhen
 57417 | Depths:2 | Killed Bai Suzhen
 57708 | Depths:2 | Noticed Vv
 57736 | Depths:2 | Killed Vv
 58239 | Depths:2 | Reached skill level 25 in Fighting
 58256 | Depths:2 | Reached XP level 25. HP: 227/227 MP: 36/36
 58602 | Depths:2 | Identified the +1 robe of Leaves {rElec Str+2}
 58718 | Depths:2 | Noticed a juggernaut
 58813 | Depths:2 | Killed a juggernaut
 58824 | Depths:2 | Identified the serpent talisman of Ericekh {rElec}
 59074 | Depths:2 | Noticed Boris
 59088 | Depths:2 | Killed Boris
 59587 | Depths:3 | Reached skill level 26 in Fighting
 60342 | Depths:3 | Found a corrupted altar of Lugonu.
 60346 | Depths:3 | Found a one-way gate to the infinite horrors of the Abyss.
 60508 | Depths:4 | Entered Level 4 of the Depths
 60683 | Depths:4 | Noticed a juggernaut
 60698 | Depths:4 | Killed a juggernaut
 61271 | Depths:4 | Reached XP level 26. HP: 155/240 MP: 37/37
 61688 | Depths:4 | Found a gate to the Realm of Zot.
 61814 | Depths:4 | Found Kym Tez's Vocational Training.
 61991 | Depths:4 | Bought a manual of Invocations for 1520 gold pieces
 62235 | Orc:2    | Bought a potion of curing for 99 gold pieces
 62235 | Orc:2    | Bought a lightning rod (4/4) for 1320 gold pieces
 62377 | D:7      | Bought a potion of curing for 45 gold pieces
 62377 | D:7      | Bought a potion of might for 60 gold pieces
 62377 | D:7      | Bought a potion of curing for 45 gold pieces
 62377 | D:7      | Bought a potion of berserk rage for 75 gold pieces
 62377 | D:7      | Bought a potion of enlightenment for 75 gold pieces
 62377 | D:7      | Bought a potion of curing for 45 gold pieces
 62377 | D:7      | Bought a potion of heal wounds for 75 gold pieces
 62566 | Slime:2  | Gained mutation: You are dopey. (Int -2) [a shining eye]
 62567 | Slime:2  | Gained mutation: You are occasionally teleported next to
                  | monsters. [a shining eye]
 62738 | Spider:1 | Killed Lotaimix's ghost
 62915 | Spider:1 | Identified the ring "Puwire" {rCorr MP+9 Int+3 Dex-5}
 63037 | Lair:1   | Lost mutation: You are occasionally teleported next to
                  | monsters. [potion of mutation]
 63037 | Lair:1   | Lost mutation: You are dopey. (Int -2) [potion of mutation]
 63037 | Lair:1   | Gained mutation: You expend magic power (3 MP) to
                  | strengthen your wands. [potion of mutation]
 63037 | Lair:1   | Gained mutation: You are strong-willed. (Will+) [potion of
                  | mutation]
 63709 | Slime:5  | Entered Level 5 of the Pits of Slime
 64299 | Slime:5  | Gained mutation: You do not regenerate when monsters are
                  | visible. [a shining eye]
 64894 | Slime:5  | Found a viscous altar of Jiyva.
 65005 | Slime:5  | Noticed the Royal Jelly
 65020 | Slime:5  | Killed the Royal Jelly
 65209 | Slime:5  | Identified the ring "Cimmuq" {Wiz Dex+3}
 65216 | Slime:5  | Got the Parchment of Frozen Ceraunoscopy
 65222 | Slime:5  | Found the +8 Wrath of Trog {antimagic, *Rage Rampage}
 65224 | Slime:5  | Acquired 611 gold pieces
 65250 | Slime:5  | Identified the +7 spear of Imminent Death {speed, Str+5}
 65288 | Slime:5  | Got Pasofoti's Catalogue of Pneumatic Last Rites
 65300 | Slime:5  | Identified the +0 helmet of Qazlal, Hungering {Int+3}
 65331 | Slime:5  | Got the Opusculum on Clouds and Hail
 65341 | Slime:5  | Identified the ring of Ru's Castigation {*Corrode rElec rF+
                  | Will- Dex+8}
 65364 | Slime:5  | Got a slimy rune of Zot
 66135 | Vaults:5 | Entered Level 5 of the Vaults
 66154 | Vaults:5 | Noticed an ancient lich
 66220 | Vaults:5 | Noticed an ancient lich
 66228 | Vaults:5 | Killed an ancient lich
 66424 | Vaults:5 | Reached XP level 27. HP: 238/247 MP: 38/38
 66550 | Vaults:5 | Identified the ring "Iplaikhe" {Fire +Blink rElec rPois
                  | Dex+3}
 66693 | Vaults:5 | Identified the +9 mace of the Usurping Madman {drain, rN+
                  | Int+2 SInv}
 67064 | Vaults:5 | Identified the ring "Zaerobbaz" {*Slow rElec rC++ Str+8
                  | Slay+4}
 67076 | Vaults:5 | Found the +8 pair of quick blades "Gyre" and "Gimble"
                  | {protect}
 67274 | Vaults:5 | Identified the +2 mace of Indignation {speed, Int+5}
 67284 | Vaults:5 | Identified the staff of the Muttering Hawk {rN+ Necro Tloc}
 67361 | Vaults:5 | Killed an ancient lich
 67460 | Vaults:5 | Identified the ring of Peace {Fire rElec}
 67760 | Vaults:5 | Identified the staff of Ozyasyenn {rC+ Conj}
 67818 | Vaults:5 | Identified the +2 flail of a Hundred Towns {freeze, Str+3
                  | Dex+2}
 67958 | Vaults:5 | Got a silver rune of Zot
 68225 | Vaults:5 | Got the Almanac of the Flock
 68388 | Vaults:5 | Lost mutation: You are strong-willed. (Will+) [potion of
                  | mutation]
 68388 | Vaults:5 | Lost mutation: You do not regenerate when monsters are
                  | visible. [potion of mutation]
 68388 | Vaults:5 | Gained mutation: You possess an exceptional clarity of
                  | mind. [potion of mutation]
 68388 | Vaults:5 | Gained mutation: You have a pair of small horns on your
                  | head. [potion of mutation]
 68389 | Vaults:5 | Lost mutation: You expend magic power (3 MP) to strengthen
                  | your wands. [potion of mutation]
 68389 | Vaults:5 | Lost mutation: You possess an exceptional clarity of mind.
                  | [potion of mutation]
 68389 | Vaults:5 | Lost mutation: You have a pair of small horns on your head.
                  | [potion of mutation]
 68389 | Vaults:5 | Gained mutation: You are partially covered in iridescent
                  | scales. (AC +2) [potion of mutation]
 68389 | Vaults:5 | Gained mutation: You are strong-willed. (Will+) [potion of
                  | mutation]
 68389 | Vaults:5 | Gained mutation: You occasionally shout uncontrollably at
                  | your foes. [potion of mutation]
 68389 | Vaults:5 | Gained mutation: Your spells are a little harder to cast,
                  | but a little more powerful. [potion of mutation]
 68709 | Zot:1    | Entered Level 1 of the Realm of Zot
 69512 | Zot:2    | Found the +4 dragonskin cloak
 69512 | Zot:2    | Noticed Tiamat
 69760 | Zot:1    | Noticed an orb of fire
 69774 | Zot:1    | Gained mutation: You sometimes lose your temper in combat.
                  | [an orb of fire]
 69777 | Zot:1    | Gained mutation: You are clumsy. (Dex -2) [an orb of fire]
 69788 | Zot:1    | Gained mutation: You have a pair of small horns on your
                  | head. [an orb of fire]
 69790 | Zot:1    | Gained mutation: You are frail. (-10% HP) [an orb of fire]
 69792 | Zot:1    | Gained mutation: Potions are less effective at restoring
                  | your health. [an orb of fire]
 69797 | Zot:1    | Killed an orb of fire
 69852 | Zot:1    | Identified the +6 hand axe of Vuicoumo {drain, Str+2}
 69853 | Zot:1    | Got Sif Muna's Omnibus of The Black Sun
 69855 | Zot:1    | Lost mutation: You sometimes lose your temper in combat.
                  | [potion of mutation]
 69855 | Zot:1    | Lost mutation: You are frail. (-10% HP) [potion of
                  | mutation]
 69855 | Zot:1    | Gained mutation: You are covered in fur. (AC +1) [potion of
                  | mutation]
 69855 | Zot:1    | Gained mutation: You expend magic power (3 MP) to
                  | strengthen your wands. [potion of mutation]
 69855 | Zot:1    | Lost mutation: You occasionally shout uncontrollably at
                  | your foes. [potion of mutation]
 69855 | Zot:1    | Gained mutation: Your muscles are strong. (Str +4, Int/Dex
                  | -1) [potion of mutation]
 70823 | Zot:1    | Killed Tiamat
 71694 | Zot:3    | Noticed an orb of fire
 71706 | Zot:3    | Gained mutation: You are dopey. (Int -2) [an orb of fire]
 71707 | Zot:3    | Gained mutation: You are occasionally teleported next to
                  | monsters. [an orb of fire]
 71721 | Zot:2    | Gained mutation: Your body sometimes deteriorates upon
                  | taking damage. [an orb of fire]
 71722 | Zot:2    | Killed an orb of fire
 71723 | Zot:2    | Reached skill level 27 in Fighting
 71783 | Zot:3    | Noticed an orb of fire
 71789 | Zot:2    | Gained mutation: Your magical capacity is low. (-10% MP)
                  | [an orb of fire]
 71801 | Zot:2    | Killed an orb of fire
 72544 | Zot:3    | Noticed Parghit
 72580 | Zot:3    | Killed Parghit
 72843 | Zot:4    | Upgraded the game from 0.31.0-7-gf635a9b802 to
                  | 0.31.0-9-g3a7656b989
 72843 | Zot:4    | Lost mutation: Your body sometimes deteriorates upon taking
                  | damage. [potion of mutation]
 72843 | Zot:4    | Lost mutation: You expend magic power (3 MP) to strengthen
                  | your wands. [potion of mutation]
 72843 | Zot:4    | Lost mutation: You are partially covered in iridescent
                  | scales. (AC +2) [potion of mutation]
 72843 | Zot:4    | Gained mutation: You have hidden genetic potential. [potion
                  | of mutation]
 72844 | Zot:4    | Lost mutation: Your muscles are strong. (Str +4, Int/Dex
                  | -1) [potion of mutation]
 72844 | Zot:4    | Lost mutation: Your magical capacity is low. (-10% MP)
                  | [potion of mutation]
 72844 | Zot:4    | Lost mutation: You have hidden genetic potential. [potion
                  | of mutation]
 72844 | Zot:4    | Gained mutation: You are resistant to electric shocks.
                  | (rElec) [potion of mutation]
 72845 | Zot:4    | Lost mutation: You are strong-willed. (Will+) [potion of
                  | mutation]
 72845 | Zot:4    | Lost mutation: Potions are less effective at restoring your
                  | health. [potion of mutation]
 72845 | Zot:4    | Gained mutation: You are frail. (-10% HP) [potion of
                  | mutation]
 72845 | Zot:4    | Gained mutation: Your muscles are strong. (Str +4, Int/Dex
                  | -1) [potion of mutation]
 72846 | Zot:4    | Lost mutation: Your muscles are strong. (Str +4, Int/Dex
                  | -1) [potion of mutation]
 72846 | Zot:4    | Lost mutation: You are covered in fur. (AC +1) [potion of
                  | mutation]
 72847 | Zot:4    | Lost mutation: You are frail. (-10% HP) [potion of
                  | mutation]
 72847 | Zot:4    | Lost mutation: You are dopey. (Int -2) [potion of mutation]
 72847 | Zot:4    | Gained mutation: Your system is resistant to poisons.
                  | (rPois) [potion of mutation]
 73745 | Zot:4    | Identified the +6 dagger of Toong {freeze, ^Drain rC+
                  | rCorr}
 73924 | Zot:5    | Entered Level 5 of the Realm of Zot
 74000 | Zot:5    | Reached skill level 15 in Evocations
 74040 | Zot:5    | Gained mutation: You are very clumsy. (Dex -4) [a shining
                  | eye]
 74344 | Zot:5    | Gained mutation: You are frail. (-10% HP) [a shining eye]
 74461 | Zot:5    | Noticed an orb of fire
 74466 | Zot:5    | Gained mutation: You occasionally shout uncontrollably at
                  | your foes. [an orb of fire]
 74474 | Zot:5    | Gained mutation: Your muscles are strong. (Str +4, Int/Dex
                  | -1) [an orb of fire]
 74478 | Zot:5    | Killed an orb of fire
 74479 | Zot:5    | Noticed a dread lich
 74484 | Zot:5    | Killed a dread lich
 74600 | Zot:5    | Noticed an orb of fire
 74602 | Zot:5    | Gained mutation: You are very frail. (-20% HP) [an orb of
                  | fire]
 74629 | Zot:5    | Noticed an orb of fire
 74631 | Zot:5    | Noticed an orb of fire
 74634 | Zot:5    | Killed an orb of fire
 74639 | Zot:5    | Noticed an orb of fire
 74874 | Zot:5    | Noticed an orb of fire
 74879 | Zot:5    | Noticed an orb of fire
 74887 | Zot:5    | Killed an orb of fire
 74893 | Zot:5    | Killed an orb of fire
 75047 | Zot:5    | Noticed an orb of fire
 75048 | Zot:5    | Noticed an orb of fire
 75058 | Zot:5    | Gained mutation: You frequently scream uncontrollably at
                  | your foes. [an orb of fire]
 75059 | Zot:5    | Gained mutation: Armour fits poorly on your strangely
                  | shaped body. [an orb of fire]
 75232 | Zot:5    | Killed an orb of fire
 75236 | Zot:5    | Noticed an orb of fire
 75352 | Zot:5    | Gained mutation: Your spells are harder to cast, but more
                  | powerful. [an orb of fire]
 75356 | Zot:5    | Killed an orb of fire
 75369 | Zot:5    | Lost mutation: Your muscles are strong. (Str +4, Int/Dex
                  | -1) [an orb of fire]
 75373 | Zot:5    | Gained mutation: Potions are less effective at restoring
                  | your health. [an orb of fire]
 75375 | Zot:5    | Gained mutation: You are dopey. (Int -2) [an orb of fire]
 75376 | Zot:5    | Killed an orb of fire
 75431 | Zot:5    | Gained mutation: Your magical capacity is low. (-10% MP)
                  | [an orb of fire]
 75435 | Zot:5    | Gained mutation: You are weak. (Str -2) [an orb of fire]
 75436 | Zot:5    | Lost mutation: Your spells are harder to cast, but more
                  | powerful. [an orb of fire]
 75440 | Zot:5    | Killed an orb of fire
 75588 | Zot:5    | Gained mutation: You are often teleported next to monsters.
                  | [an orb of fire]
 75602 | Zot:5    | Killed an orb of fire
 75610 | Zot:5    | Noticed an orb of fire
 75623 | Zot:5    | Gained mutation: You do not regenerate when monsters are
                  | visible. [an orb of fire]
 75636 | Zot:5    | Gained mutation: You are very weak. (Str -4) [an orb of
                  | fire]
 75639 | Zot:5    | Killed an orb of fire
 75696 | Zot:5    | Got the Orb of Zot
 75915 | Depths:1 | Noticed Udyakhl Uhac the pandemonium lord
 75925 | Depths:1 | Killed Udyakhl Uhac the pandemonium lord
 75959 | D:15     | Noticed Boris
 75964 | D:15     | Killed Boris
 76282 | D:$      | Escaped with the Orb!

Illustrated notes

Levels and vault maps discovered:
D:1:      psy_arrival_basics, layout_basic, serial_shops, nicolae_shop_crystal,
          shapermc_ecumenical_altar_mp_ritualfount, chequers_garden,
          minmay_misc_feat_nine_boxes, item_on_display_a
D:2:      layout_rooms
D:3:      layout_loops_ring, st_stairs_3, minmay_fountain_box
D:4:      layout_loops_ring, minmay_misc_feat_tower, minmay_misc_feat_enclosed
D:5:      cheibrodos_fzero, layout_rooms, minmay_temple_entry_wispy,
          nicolae_ossuary_entry_monument, uniq_grinder
D:6:      layout_loops_cross, mainiacjoe_overflow_alcove_2,
          ebering_ghost_sewer_d, kennysheep_generic_room_9
D:7:      layout_basic, serial_shops, nicolae_shop_trees, shop,
          nicolae_shop_tiny_waterfront, shop
D:8:      layout_rooms, uniq_maurice, uniq_grum, uniq_pikel
D:9:      layout_basic, hangedman_abyss_or_decor_stabs
D:10:     layout_basic, regret_index_temple_of_mockery, uniq_nergalle
D:11:     layout_basic, erik_lair_orcish_takeover, david_orc_4, enter_trove_2,
          uniq_harold
D:12:     layout_cave_pools, kennysheep_generic_room_7
D:13:     layout_layer_cave, minmay_door_square,
          nicolae_shop_i_like_small_books_too, lemuel_flame_loot_1
D:14:     layout_roguey, grunt_vaults_entry_tiered, ashenzari_altar_1,
          lemuel_flamethrower_1, uniq_rupert
D:15:     grunt_enter_depths_giant_problem, layout_rooms,
          nicolae_elyvilon_peaceful_grove, serial_co_window_serial,
          co_window_paths_a, co_window_paths_b, co_window_corner_a,
          co_window_corner_a, co_window_paths_b, co_window_broadway_b,
          co_window_broadway_b, co_window_unsneaky_path_c, co_window_2corner,
          co_window_2corner, co_window_paths_e, glass_columns_a
Temple:   hellmonk_temple_divided_pantheon
Lair:1:   layout_gridlike, portal_ice_cave_rime, gammafunk_ghost_grave,
          infiniplex_staircase_pool_2, uniq_erica, uniq_fannar
Lair:2:   layout_loops_ring, chequers_serial_rivers_room_a
Lair:3:   layout_regular_city, minmay_shoals_entry_hut,
          hellmonk_spider_entry_not_the_bees, chequers_serial_rivers_micro_b,
          grunt_megastairs_2
Lair:4:   beast_lair_carwin_large_4, layout_concentric_octagons,
          chequers_serial_rivers_small_a
Lair:5:   guppyfry_lair_end_dragon, layout_layer_cave, wormcave, slime_entry_1
Shoals:1: layout_shoals, st_sunken_huts, uniq_aizul
Shoals:2: layout_shoals, uniq_polyphemus
Shoals:3: layout_shoals, uniq_ilsuiw
Shoals:4: shoals_end_simple, layout_shoals, serial_shops, nicolae_shop_crystal
Spider:1: layout_spider_delve, gammafunk_ghost_arena, hangedman_spider_trapstep
Spider:2: spiders_nest_scorpion_pit, nicolae_spider_rock_and_or_roll
Spider:3: layout_spider_delve, uniq_arachne
Spider:4: spider_rune_water, spiders_nest_hornet_nest, uniq_asterion
Slime:1:  layout_caves, special_room [special_room_jelly], basic_altar
Slime:2:  layout_caves
Slime:3:  layout_caves
Slime:4:  cheibrodos_slime_lost_civilization_8, layout_caves,
          nicolae_slime_getting_an_eyeful
Slime:5:  slime_pit_nicolae_amoeboid
Orc:1:    layout_caves, serial_shops, nicolae_shop_tiny_real_fake_doors,
          david_defended_altar_orc
Orc:2:    st_orc_ogre_mass, layout_caves, basic_altar
Elf:1:    layout_geoelf_diagonals, hangedman_elven_crosses_minicolossus,
          lemuel_flamethrower_3, grunt_megastairs_3
Elf:2:    nicolae_elf_blades_crystal_corner, layout_geoelf_diagonals,
          serial_shops, shop, evilmike_ambush [evilmike_ambush_outer_basic,
          evilmike_ambush_inner_basic]
Elf:3:    elf_hall_gauntlet_wide, layout_geoelf_grid, basic_altar, serial_shops,
          nicolae_shop_overgrown_old_shop
Vaults:1: vaults_room_glass_cross, nicolae_vaults_theta,
          nicolae_vaults_hexular_roomagon, nicolae_vaults_network_quinsquares
          [nicolae_vaults_network_quincunx_subvault,
          nicolae_vaults_network_quincunx_subvault,
          nicolae_vaults_network_quincunx_subvault,
          nicolae_vaults_network_quincunx_subvault],
          nicolae_vaults_little_squares_1, vaults_dpeg_encased_lava,
          grunt_vaults_diagonal, nicolae_vaults_rhombus_6,
          layout_vaults_quadrants
Vaults:2: nicolae_vaults_circle_grid_a, minmay_crypt_entry_nasty_monster,
          vaults_mumra_hexcomb, grunt_vaults_hallway_short,
          nicolae_vaults_security_offices_4, dpeg_vaults_monster_box,
          vaults_room_door_hall, nicolae_vaults_trapezoid_1, v_misc_14,
          nicolae_vaults_disjoint_gnomons, nicolae_vaults_little_squares_2,
          ontoclasm_vaults_spin, grunt_vaults_hallway_short,
          nicolae_vaults_triangles, layout_vaults_omnibox, uniq_norris
Vaults:3: nicolae_vaults_security_offices_3, ontoclasm_vaults_gateway,
          nicolae_vaults_heist, nicolae_vaults_little_ls,
          nicolae_vaults_closet_pinwheel_4, nicolae_vaults_tetromino_T_1,
          hangedman_vaults_corner_blocks, nicolae_vaults_closet_pinwheel_3,
          ontoclasm_vaults_ligature, nicolae_vaults_diamond_1,
          nicolae_vaults_trapezoid_lopsided_2, nicolae_vaults_two_Ls,
          nicolae_vaults_yaktaur_gun_rack, v_misc_14, v_misc_2,
          nicolae_vaults_trapezoid_layered, vaults_room_grunt_arrival_ludios,
          nicolae_vaults_little_squares_6, layout_vaults_ring
Vaults:4: ontoclasm_vaults_hangar, nicolae_vaults_trapezoid_2,
          vaults_standard_mumra_x, nicolae_vaults_offset_grid_hallway_2,
          nicolae_vaults_closet_pinwheel_6, dpeg_vaults_monster_row,
          vaults_room_semicircle, nicolae_vaults_ring_of_whatevers,
          nicolae_vaults_surprise_closet_hard, layout_vaults_omnicross
Vaults:5: serial_shops
Crypt:1:  layout_gridlike, uniq_boris
Crypt:2:  layout_chaotic_city, uniq_grunn
Crypt:3:  grunt_crypt_end_deaths_head
Depths:1: regret_index_all_hallows'_manor, layout_gridville, enter_ziggurat_c,
          pf_coc_iceberg, serial_shops, nicolae_inconvenience_store,
          rand_demon_pan_entry_3, nicolae_qazlal_style_of_elements
Depths:2: hangedman_grunt_twisty_little_passages, layout_gridlike,
          grunt_hell_entry_dis_old, corexii_hall_statues_l,
          grunt_pan_entry_in_and_out, uniq_bai_suzhen, uniq_vv
Depths:3: minmay_spriggan_fort, layout_basic, abyss_entry_flame_altar,
          hellmouth_3, infiniplex_staircase_squiggle, firewood_loft
Depths:4: grunt_zot_entry_pinwheel, layout_cave_pools,
          abyss_entry_small_statue_room, hell_entry, hangedman_decor_riveting,
          nicolae_shop_vocational
Zot:1:    dreamdust_black_sun_cult, layout_misc_corridors, skrybe_zot_glass_3,
          st_stairs_8, nicolae_zig_zag_zippers
Zot:2:    layout_gridlike, uniq_tiamat
Zot:3:    layout_gridlike, hellmonk_greenhouse_of_terror, lemuel_elevator,
          uniq_parghit
Zot:4:    layout_concentric_octagons, regret_index_zotdec_icy_dp
Zot:5:    layout_misc_corridors, grunt_ministairs_1

Skill      XL: |  1  2  3  4  5  6  7  8  9 10 11 12 13 14 15 16 17 18 19 20 21 22 23 24 25 26 27 |
---------------+----------------------------------------------------------------------------------+-----
Polearms       | 3 4 5 6 7 9 10 12 13 14 | 14.0
Fighting       | 4 5 6 7 9 10 13 14 15 16 17 19 20 21 22 23 25 26 27 | 27.0
Shields        | 4 6 10 12 13 14 15 16 17 18 19 20 22 | 22.0
Invocations    | 3 6 8 11 12 13 14 16 17 19 20 22 23 | 23.3
Dodging        | 5 |  5.2
Evocations     | 5 7 9 10 17 | 17.9
Armour         | 4 6 8 10 12 13 14 15 16 17 19 22 | 22.1
Throwing       | 10 | 10.0

Action                     |  1- 3 |  4- 6 |  7- 9 | 10-12 | 13-15 | 16-18 | 19-21 | 22-24 | 25-27 || total
---------------------------+-------+-------+-------+-------+-------+-------+-------+-------+-------++-------
  Melee: Trident           |   132 |   175 |   470 |   927 |  1672 |  2010 |   801 |       |       ||  6187
         Tailslap          |       |       |       |    15 |     9 |    77 |    42 |     6 |       ||   149
         Trishula          |       |       |       |       |       |       |  1415 |  1909 |  3855 ||  7179
         Unarmed           |       |       |       |       |       |       |       |     8 |       ||     8
         Headbutt          |       |       |       |       |       |       |       |       |   492 ||   492
  Throw: Dart              |     5 |     7 |     7 |    35 |    13 |     6 |    36 |     3 |       ||   112
         Boomerang         |       |       |       |       |       |       |     3 |       |    54 ||    57
         Javelin           |       |       |       |       |       |       |       |       |     2 ||     2
 Invoke: Recite            |       |       |     8 |    19 |    19 |    33 |       |       |       ||    79
         Vitalisation      |       |       |       |       |       |     2 |       |       |       ||     2
         Sanctuary         |       |       |       |       |       |     1 |       |       |       ||     1
         Divine Shield     |       |       |       |       |       |     1 |     3 |     4 |    12 ||    20
         Cleansing Flame   |       |       |       |       |       |       |     5 |     3 |     1 ||     9
         Brand Weapon With |       |       |       |       |       |       |     1 |       |       ||     1
         Summon Divine War |       |       |       |       |       |       |     3 |     4 |    10 ||    17
Ability: Evoke Blink       |       |       |       |       |       |       |       |     1 |     1 ||     2
  Evoke: Wand              |       |     2 |     7 |     6 |     9 |    23 |       |     8 |    25 ||    80
         Phial of floods   |       |       |       |       |       |     1 |       |       |     1 ||     2
         Condenser vane    |       |       |       |       |       |       |       |       |     1 ||     1
    Use: Potion            |       |     1 |     6 |     7 |     3 |     4 |     6 |    14 |    33 ||    74
         Scroll            |       |     4 |    14 |     8 |     4 |     7 |    10 |    13 |    23 ||    83
   Stab: Paralysed         |       |     4 |     8 |    19 |    35 |     1 |       |       |       ||    67
         Invisible         |       |       |     4 |     3 |     1 |     2 |       |       |       ||    10
         Confused          |       |       |     4 |    11 |    17 |    26 |       |       |       ||    58
         Petrified         |       |       |       |       |       |     2 |       |       |       ||     2
         Petrifying        |       |       |       |       |       |     1 |       |       |       ||     1
 Armour: Scale mail        |    66 |    62 |   144 |       |       |       |       |       |       ||   272
         Chain mail        |       |       |    45 |   421 |   505 |       |       |       |       ||   971
         Gold dragon scale |       |       |       |       |       |   939 |  1014 |   527 |  1728 ||  4208
         Skin              |       |       |       |       |       |       |       |     9 |       ||     9
  Dodge: Dodged            |    43 |    49 |   114 |   159 |   199 |   209 |   314 |   185 |   673 ||  1945
  Block: Buckler           |    26 |    47 |   151 |   253 |       |       |       |       |       ||   477
         Reflection        |       |       |     6 |     4 |       |       |    15 |    61 |    18 ||   104
         Tower shield      |       |       |       |    82 |   975 |  1396 |  1936 |  1476 |  3390 ||  9255
         Other             |       |       |       |       |       |       |       |     1 |       ||     1
